 Dungeon Crawl Stone Soup version 0.29.1-2-gbd0b4ee654 (webtiles) character file.

Game seed: 18150614515192715746

4 Raikaria the Grasshopper (level 1, 0/16 HPs)
             Began as a Demonspawn Warper on Nov 7, 2022.
             Slain by an adder (2 damage)
             ... on level 1 of the Dungeon.
             The game lasted 00:00:38 (203 turns).

Raikaria the Grasshopper (Demonspawn Warper)         Turns: 203, Time: 00:00:39

Health: 0/16       AC:  3    Str: 11    XL:     1   Next: 50%
Magic:  3/3        EV: 11    Int: 14    God:
Gold:   12         SH:  0    Dex: 12    Spells: 4/4 levels left

rFire   . . .      SeeInvis .   a - +0 mace
rCold   . . .      Faith    .   (no shield)
rNeg    . . .      Spirit   .   b - +0 leather armour
rPois   .          Reflect  .   (no helmet)
rElec   .          Harm     .   (no cloak)
rCorr   .          Rampage  .   (no gloves)
Will    .....                   (no boots)
Stlth   +.........              (no amulet)
HPRegen 0.05/turn               (no ring)
MPRegen 0.08/turn               (no ring)

@: lethally poisoned (0 -> -1)
A: no striking features
a: no special abilities


You were on level 1 of the Dungeon.
You visited 1 branch of the dungeon, and saw 2 of its levels.

You collected 12 gold pieces.

Inventory:

Hand Weapons
 a - a +0 mace (weapon)
Missiles
 d - 7 boomerangs of dispersal (quivered)
Armour
 b - a +0 leather armour (worn)
Jewellery
 e - a ring of fire
Scrolls
 c - a scroll of blinking


   Skills:
 + Level 2.1 Fighting
 + Level 1.9 Maces & Flails
 - Level 0.8 Throwing
 - Level 0.8 Armour
 - Level 1.7 Dodging
 - Level 2.0 Spellcasting
 + Level 2.8 Translocations


You had 4 spell levels left.
You didn't know any spells.
Your spell library contained the following spells:

 Spells                   Type           Power      Damage    Failure   Level
 Blink                    Tloc           18%        N/A       16%         2
 Gell's Gravitas          Tloc           9%         N/A       30%         3
 Lesser Beckoning         Tloc           9%         N/A       30%         3
 Teleport Other           Tloc           9%         N/A       30%         3
 Manifold Assault         Tloc           9%         N/A       95%         5


Dungeon Overview and Level Annotations

Branches:
Dungeon (2/15)

Altars:


Message History

You hit the goblin.
You kill the goblin!
You see here a +0 club.
Found a stone staircase leading down.
An endoplasm comes into view.
The endoplasm quivers.
You hit the endoplasm but do no damage. The endoplasm closely misses you.
You completely miss the endoplasm. The endoplasm hits you.
The endoplasm barely misses you.
You hit the endoplasm.
The endoplasm is heavily wounded.
The endoplasm completely misses you.
You hit the endoplasm.
The endoplasm is almost dead.
The endoplasm barely misses you.
You hit the endoplasm but do no damage.
The endoplasm is almost dead.
The endoplasm hits you but does no damage.
The endoplasm freezes you.
You are frozen.
You hit the endoplasm.
You kill the endoplasm!
There is a stone staircase leading down here.
You climb downwards.
The adder barely misses you.
There is a stone staircase leading up here.
The bat barely misses you. The adder bites you.
You are poisoned.
The adder poisons you! The adder closely misses you.
You climb upwards.
You feel very sick.
There is a stone staircase leading down here.
You miss the adder.
You feel sick. The adder barely misses you.
You closely miss the adder.
You feel sick. The adder closely misses you. The adder bites you.
* * * LOW HITPOINT WARNING * * *
You hit the adder.
The adder is moderately wounded.
* * * LOW HITPOINT WARNING * * *
You feel sick. The adder closely misses you. The adder bites you.
You die...

#.# #.# #.# #######
# #.########.#
...#..# ..##
#.##.......#
....#.# ...#
#.##.#####.#
.....##
#..####.##.#####.#
......#
...##.##.##.##.#
......#
#.##.##.##.##.#
.#....#
#@S........##..
.##...# #
#.##.##.##.##.#
⌠.....#.#
#####.##.##..#.##.#
####..#.#
#.....##.....#.#
........#
#..............#
####..#.#
#........^.....#
⌠.....#.#
#...#....#...#.#
.##...# #
##.............#
.#....#
####....##....####


You could see an adder.

Vanquished Creatures
  An endoplasm (D:1)
  A giant cockroach (D:1)
  A goblin (D:1)
3 creatures vanquished.

Notes
Turn   | Place    | Note
-------+----------+-------------------------------------------
     0 | D:1      | Raikaria the Demonspawn Warper began the quest for the Orb.
     0 | D:1      | Reached XP level 1. HP: 16/16 MP: 3/3
    79 | D:1      | Found a faded altar of an unknown god.
   203 | D:1      | Slain by an adder

Illustrated notes

Levels and vault maps discovered:
D:1:      matt_arrival_grand_opening, layout_basic,
          hellmonk_ecumenical_altar_crossroads, skrybe_limestone_x
D:2:      layout_basic, basic_altar, uniq_terence

Action                   || total
-------------------------++-------
Melee: Mace              ||    15
Armor: Leather armour    ||     2
Dodge: Dodged            ||    15
